Map: Seething Jungle

Players

JohnMcClane

  • Race: Zerg Zerg
  • League: Silver
  • Spawn Location: 1:00

Hindulaatti

  • Race: Zerg Zerg
  • Spawn Location: 12:00

Drowning - Winner!

  • Race: Zerg Zerg
  • League: Diamond
  • Spawn Location: 7:00

LingZ - Winner!

  • Race: Zerg Zerg
  • League: Master
  • Spawn Location: 6:00

VOD

Have the link to the VOD?

Description

Time

  • Played on: Feb. 2, 2016, 5:22 a.m.
  • Length: 8:21
Show
View Real Time Build Order
Export as new Build Order

JohnMcClane Zerg 

Build Orders: Pool First 

Get SALT Encoding   

  12  0:01  Drone  
  13  0:14  Overlord  
  13  0:19  Drone  
  14  0:34  Drone x2, Extractor  
  15  0:44  Spawning Pool  
  15  0:48  Drone  
  15  0:56  Drone  
  16  1:19  Hatchery  
  15  1:36  Metabolic Boost  
  15  1:40  Queen  
  17  1:48  Drone x2  
  19  2:02  Overlord  
  19  2:03  Drone  
  20  2:16  Spine Crawler  
  20  2:17  Zergling x2  
  20  2:22  Zergling x2  
  21  2:31  Overlord  
  21  2:33  Zergling x2  
  22  2:45  Zergling x4  
  22  3:01  Queen  
  22  3:02  Zergling x8  
  21  3:29  Zergling x2  
  21  3:34  Zergling x8  
  22  3:47  Baneling Nest  
  19  3:49  Zergling x6  
  22  3:56  Zergling x4  
  22  4:33  Drone x6  
  13  4:50  Baneling  
  13  4:51  Baneling x2  
  13  4:52  Baneling  
  13  5:09  Zergling x6  
  16  5:35  Baneling x2  
  16  5:36  Baneling  
  16  5:41  Zergling x6  
  19  5:47  Zergling x2  
  20  6:03  Zergling x6  
  23  6:10  Baneling x2  
  23  6:19  Overlord  
  23  6:31  Zergling x2  
  24  6:38  Zergling x2  
  20  7:06  Zergling x8  
  23  7:15  Zergling x2  
  23  7:24  Zergling x2  
  24  7:31  Zergling x2  
  20  7:49  Zergling x2  
  13  8:01  Zergling x2  
Show
View Real Time Build Order
Export as new Build Order

Hindulaatti Zerg 

Build Orders: Pool First 

Get SALT Encoding   

  12  0:01  Drone  
  13  0:08  Drone  
  14  0:21  Overlord  
  14  0:37  Spawning Pool  
  14  0:41  Drone, Extractor  
  13  1:09  Hatchery  
  12  1:15  Drone  
  13  1:23  Drone  
  14  1:28  Drone  
  15  1:36  Drone  
  16  1:51  Roach Warren  
  16  1:53  Drone x2  
  17  2:00  Drone  
  18  2:12  Zergling x2  
  19  2:17  Queen  
  19  2:20  Zergling x2  
  22  2:23  Zergling x2  
  23  2:33  Roach x2  
  27  2:43  Roach  
  27  2:44  Overlord  
  22  3:11  Roach x2  
  23  3:23  Roach  
  25  3:36  Queen  
  27  3:41  Roach  
  29  3:54  Overlord  
  29  4:09  Overlord  
  29  4:16  Roach x2  
  33  4:28  Roach  
  35  4:39  Roach  
  37  4:47  Roach x2  
  37  4:48  Roach  
  43  4:57  Roach  
  45  5:11  Lair  
  45  5:15  Overlord  
  45  5:32  Overlord  
  45  5:33  Roach  
  45  5:34  Roach  
  45  5:35  Roach  
  51  5:41  Roach  
  53  5:49  Overlord  
  53  5:54  Roach  
  55  6:00  Roach  
  57  6:06  Roach  
  59  6:12  Roach  
  61  6:21  Roach  
  61  6:24  Roach  
  65  6:31  Overlord  
  65  6:37  Roach  
  67  6:43  Roach  
  69  6:50  Roach  
  71  7:03  Roach  
  71  7:27  Roach x2  
  71  7:46  Roach x2  
  71  7:48  Overlord  
Show
View Real Time Build Order
Export as new Build Order

Drowning Zerg - Winner!

Build Orders: Pool First, Zergling Baneling 

Get SALT Encoding   

  12  0:01  Drone  
  13  0:13  Extractor  
  12  0:14  Drone  
  12  0:16  Drone  
  14  0:34  Spawning Pool  
  13  0:39  Drone  
  14  0:43  Extractor  
  14  0:44  Drone  
  14  0:56  Drone, Extractor  
  14  1:02  Overlord  
  16  1:20  Metabolic Boost  
  16  1:28  Zergling x2  
  16  1:29  Zergling x4  
  19  1:36  Baneling Nest  
  18  1:41  Zergling x2  
  19  1:48  Queen  
  21  2:01  Zergling x2  
  21  2:02  Overlord  
  22  2:22  Baneling x5  
  22  2:25  Zergling x2  
  22  2:26  Zergling x2  
  24  2:31  Baneling  
  24  2:49  Zergling x2  
  24  2:50  Zergling x2  
  23  3:14  Zergling x6  
  25  3:37  Baneling x3  
  25  3:38  Baneling  
  25  3:42  Hatchery  
  25  3:44  Zergling x4  
  24  4:03  Baneling x3  
  24  4:08  Baneling x3  
  24  4:09  Zergling x6  
  28  4:10  Drone  
  28  4:13  Drone  
  21  4:42  Drone x4  
  21  4:45  Queen  
  25  4:46  Overlord  
  25  4:50  Drone  
  28  4:57  Drone x2  
  30  5:04  Queen  
  32  5:08  Extractor  
  31  5:17  Drone x2  
  31  5:18  Drone  
  34  5:25  Lair  
  34  5:34  Drone x2  
  37  5:42  Drone  
  37  5:43  Drone x2  
  39  6:02  Drone x5  
  44  6:16  Overlord x2  
  44  6:23  Overlord x2, Extractor  
  44  6:24  Zergling x2, Extractor  
  43  6:29  Drone  
  44  6:34  Spire  
  42  6:57  Baneling  
  42  6:59  Drone, Baneling  
  43  7:03  Drone x2  
  43  7:04  Drone x3  
  46  7:25  Overlord x3  
  45  7:38  Overlord x2  
  45  7:45  Mutalisk x5  
  55  7:52  Mutalisk  
  55  7:56  Mutalisk  
Show
View Real Time Build Order
Export as new Build Order

LingZ Zerg - Winner!

Build Orders: Pool First 

Get SALT Encoding   

  12  0:01  Drone  
  13  0:09  Drone  
  14  0:15  Extractor  
  14  0:16  Drone  
  14  0:35  Spawning Pool  
  13  0:39  Drone  
  14  0:43  Extractor  
  14  0:44  Drone  
  15  0:54  Overlord  
  15  1:22  Metabolic Boost  
  15  1:23  Zergling x6  
  18  1:28  Queen  
  20  1:35  Zergling x2  
  21  1:46  Zergling x2  
  22  2:01  Hatchery  
  22  2:06  Zergling x2  
  22  2:17  Overlord  
  22  2:38  Zergling x6  
  25  2:45  Zergling x2  
  25  2:46  Zergling x4  
  26  2:59  Zergling x2  
  26  3:12  Zergling x2  
  29  3:21  Drone x2  
  29  3:26  Drone  
  31  3:35  Drone x3  
  31  3:36  Drone  
  34  3:47  Queen  
  34  3:48  Overlord x2  
  33  4:04  Extractor  
  33  4:09  Roach Warren  
  31  4:16  Drone  
  31  4:17  Drone x6  
  36  4:30  Drone x3  
  38  4:46  Overlord  
  38  4:51  Roach x2  
  38  4:52  Roach  
  44  5:01  Roach  
  44  5:02  Roach x2  
  44  5:03  Overlord  
  44  5:04  Overlord x2  
  50  5:12  Roach  
  50  5:13  Roach x2  
  56  5:22  Roach x2  
  60  5:31  Roach x2  
  64  5:41  Roach  
  64  5:42  Roach x4  
  74  5:45  Drone  
  74  5:46  Drone  
  76  5:50  Overlord  
  76  6:03  Overlord  
  76  6:05  Roach x2  
  80  6:16  Roach  
  80  6:17  Roach x4  
  89  6:27  Drone x4  
  89  6:31  Extractor  
  92  6:45  Overlord  
  88  6:57  Roach  
  88  6:58  Roach x5  
  88  6:59  Overlord x2  
  100  7:17  Roach  
  100  7:18  Roach x4  
  102  7:29  Roach  
  94  7:40  Roach x5  
  94  7:57  Roach  
  94  7:58  Roach x2  
Tags
 
Add a new tag
Caveats
  • Supply blocks, unpowered buildings, or Contaminate may cause inaccurate times.
  • Supply counts are checked every 10 seconds.